| TOP OF THE 1ST |
|
Albuquerque Dukes batting - Pitching for Memphis Blues : RHP Craig Mitchell
|
|
Pitching: RHP Craig Mitchell
|
|
|
Batting: LHB Andres Romero
|
0-0: Ground out 6-3 (Groundball, 6M, EV 91.9 MPH)
|
|
Batting: RHB Steven Patterson
|
0-0: Ball 1-0: Called Strike 1-1: Called Strike 1-2: Strikes out looking
|
|
Batting: LHB Dave Yobs
|
0-0: Foul Ball, location: 2F 0-1: Foul Ball, location: 2F 0-2: Ball 1-2: Fly out, F9 (Flyball, 9, EV 80.0 MPH)
|
| Top of the 1st over - 0 runs, 0 hits, 0 errors, 0 left on base; Albuquerque 0 - Memphis 0 |
| BOTTOM OF THE 1ST |
|
Memphis Blues batting - Pitching for Albuquerque Dukes : RHP Rafaele Cerretti
|
|
Pitching: RHP Rafaele Cerretti
|
|
|
Batting: RHB Mariano Duncan
|
0-0: Ground out 5-3 (Groundball, 56S, EV 68.8 MPH)
|
|
Batting: RHB Dave Penniall
|
0-0: Called Strike 0-1: Ball 1-1: Ball 2-1: Foul Ball, location: 2F 2-2: Foul Ball, location: 2F 2-2: Ball 3-2: Base on Balls
|
|
Batting: LHB David Christianson
|
0-0: Ball 1-0: Called Strike 1-1: Foul Ball, location: 2F 1-2: Strikes out looking
|
|
Batting: RHB Chris James
|
0-0: Called Strike 0-1: Called Strike 0-2: DOUBLE (Flyball, 8LXD, EV 101.3 MPH) Dave Penniall to third Runner from 3rd tries for Home, SAFE, throw by CF to trailing runner, OUT at third! 8-3-5
|
| Bottom of the 1st over - 1 run, 1 hit, 0 errors, 0 left on base; Albuquerque 0 - Memphis 1 |
| TOP OF THE 2ND |
|
Albuquerque Dukes batting - Pitching for Memphis Blues : RHP Craig Mitchell
|
|
Batting: RHB George Foussianes
|
0-0: Ball 1-0: Called Strike 1-1: Foul Ball, location: 2F 1-2: Ball 2-2: Strikes out swinging
|
|
Batting: LHB Matthew Henderson
|
0-0: Ball 1-0: Ball 2-0: Ball 3-0: Base on Balls
|
|
Batting: RHB James Oros
|
0-0: Ball 1-0: Foul Ball, location: 2F 1-1: Called Strike 1-2: Strikes out swinging
|
|
Batting: LHB John Elder
|
0-0: Ball 1-0: Ball 2-0: SINGLE (Line Drive, 89S, EV 99.4 MPH) Matthew Henderson to second Runner from 2nd tries for 3rd, SAFE, no throw by RF
|
|
Batting: RHB Mark Maher
|
0-0: Swinging Strike 0-1: Fly out, F4 (Popup, 34, EV 65.0 MPH)
|
| Top of the 2nd over - 0 runs, 1 hit, 0 errors, 2 left on base; Albuquerque 0 - Memphis 1 |
| BOTTOM OF THE 2ND |
|
Memphis Blues batting - Pitching for Albuquerque Dukes : RHP Rafaele Cerretti
|
|
Batting: RHB Randy Filkins
|
0-0: Fly out, F7 (Flyball, 78S, EV 86.9 MPH)
|
|
Batting: RHB Augustine Garrett
|
0-0: Called Strike 0-1: Ball 1-1: Foul Ball, location: 2F 1-2: Fly out, F4 (Popup, 34S, EV 74.4 MPH)
|
|
Batting: LHB Don Jacoby
|
0-0: Ball 1-0: Swinging Strike 1-1: Called Strike 1-2: Foul Ball, location: 2F 1-2: Ground out U3 (Groundball, 3, EV 86.3 MPH)
|
| Bottom of the 2nd over - 0 runs, 0 hits, 0 errors, 0 left on base; Albuquerque 0 - Memphis 1 |
| TOP OF THE 3RD |
|
Albuquerque Dukes batting - Pitching for Memphis Blues : RHP Craig Mitchell
|
|
Batting: RHB Kevin Harvey
|
0-0: Ball 1-0: Ball 2-0: Ground out 6-3 (Groundball, 4M, EV 102.5 MPH)
|
|
Batting: LHB Andres Romero
|
0-0: Ball 1-0: Reached on error, E7 (Flyball, 7LS, EV 79.4 MPH)
|
|
Batting: RHB Steven Patterson
|
0-0: Ball 1-0: Called Strike 1-1: Swinging Strike 1-2: Strikes out looking
|
|
Batting: LHB Dave Yobs
|
0-0: Ball Andres Romero steals 2nd base 1-0: Ball 2-0: Called Strike 2-1: Fly out, F5 (Popup, 5S, EV 91.3 MPH)
|
| Top of the 3rd over - 0 runs, 0 hits, 1 error, 1 left on base; Albuquerque 0 - Memphis 1 |
| BOTTOM OF THE 3RD |
|
Memphis Blues batting - Pitching for Albuquerque Dukes : RHP Rafaele Cerretti
|
|
Batting: RHB William Muth
|
0-0: SINGLE (Groundball, 56S, EV 65.0 MPH) (infield hit)
|
|
Batting: RHB Bradley Shames
|
0-0: Ball 1-0: Foul Ball, location: 2F 1-1: Fly out, F8 (Flyball, 8RM, EV 83.1 MPH)
|
|
Batting: RHB Mariano Duncan
|
0-0: Ball 1-0: SINGLE (Groundball, 4MD, EV 94.4 MPH) William Muth to second
|
|
Batting: RHB Dave Penniall
|
0-0: Ball 1-0: Fly out, F8 (Flyball, 8LS, EV 83.1 MPH)
|
|
Batting: LHB David Christianson
|
0-0: Ball 1-0: Fly out, F8 (Flyball, 89D, EV 100.0 MPH)
|
| Bottom of the 3rd over - 0 runs, 2 hits, 0 errors, 2 left on base; Albuquerque 0 - Memphis 1 |
| TOP OF THE 4TH |
|
Albuquerque Dukes batting - Pitching for Memphis Blues : RHP Craig Mitchell
|
|
Batting: RHB George Foussianes
|
0-0: Ball 1-0: Called Strike 1-1: Called Strike 1-2: Foul Ball, location: 2F 1-2: Foul Ball, location: 2F 1-2: Ground out 6-3 (Groundball, 6, EV 99.4 MPH)
|
|
Batting: LHB Matthew Henderson
|
0-0: Ball 1-0: Fly out, F9 (Flyball, 9S, EV 82.5 MPH)
|
|
Batting: RHB James Oros
|
0-0: Called Strike 0-1: Ball 1-1: Ball 2-1: Ball 3-1: Base on Balls
|
|
Batting: LHB John Elder
|
0-0: Called Strike 0-1: Ball 1-1: Ball 2-1: Foul Ball, location: 2F 2-2: Ball 3-2: Foul Ball, location: 2F 3-2: Fly out, F9 (Flyball, 9LM, EV 98.1 MPH)
|
| Top of the 4th over - 0 runs, 0 hits, 0 errors, 1 left on base; Albuquerque 0 - Memphis 1 |
| BOTTOM OF THE 4TH |
|
Memphis Blues batting - Pitching for Albuquerque Dukes : RHP Rafaele Cerretti
|
|
Batting: RHB Chris James
|
0-0: Ball 1-0: Foul Ball, location: 2F 1-1: Ball 2-1: Ball 3-1: Base on Balls
|
|
Batting: RHB Randy Filkins
|
0-0: Swinging Strike 0-1: Ball 1-1: Swinging Strike 1-2: Ball 2-2: Fielders Choice at 2nd, 3-6 (Groundball, 3, EV 83.1 MPH)
|
|
Batting: RHB Augustine Garrett
|
0-0: Ball 1-0: Foul Ball, location: 2F 1-1: Ball 2-1: Foul Ball, location: 2F 2-2: Ball 3-2: Fly out, F6 (Popup, 56D, EV 69.4 MPH)
|
|
Batting: LHB Don Jacoby
|
0-0: Ball 1-0: Ball 2-0: Ball 3-0: Hit by Pitch Randy Filkins to second
|
|
Batting: RHB William Muth
|
0-0: Called Strike 0-1: Hit by Pitch Randy Filkins to third Don Jacoby to second
|
|
Batting: RHB Bradley Shames
|
0-0: Fly out, F9 (Line Drive, 9, EV 93.1 MPH)
|
| Bottom of the 4th over - 0 runs, 0 hits, 0 errors, 3 left on base; Albuquerque 0 - Memphis 1 |
| TOP OF THE 5TH |
|
Albuquerque Dukes batting - Pitching for Memphis Blues : RHP Craig Mitchell
|
|
Batting: RHB Mark Maher
|
0-0: Ball 1-0: Foul Ball, location: 2F 1-1: Called Strike 1-2: Foul Ball, location: 2F 1-2: Ball 2-2: Ball 3-2: Foul Ball, location: 2F 3-2: Foul Ball, location: 2F 3-2: Foul Ball, location: 2F 3-2: Foul Ball, location: 2F 3-2: Foul Ball, location: 2F 3-2: Fly out, F8 (Flyball, 8LXD, EV 106.9 MPH)
|
|
Batting: RHB Kevin Harvey
|
0-0: Ball 1-0: Foul Ball, location: 2F 1-1: Foul Ball, location: 2F 1-2: DOUBLE (Line Drive, 89M, EV 103.8 MPH)
|
|
Batting: LHB Andres Romero
|
0-0: Foul Ball, location: 2F 0-1: Ground out 6-3 (Groundball, P, EV 77.5 MPH) Kevin Harvey to third
|
|
Batting: RHB Steven Patterson
|
0-0: Ball 1-0: Swinging Strike 1-1: Ball 2-1: Ground out 5-3 (Groundball, 56, EV 83.8 MPH)
|
| Top of the 5th over - 0 runs, 1 hit, 0 errors, 1 left on base; Albuquerque 0 - Memphis 1 |
| BOTTOM OF THE 5TH |
|
Memphis Blues batting - Pitching for Albuquerque Dukes : RHP Rafaele Cerretti
|
|
Batting: RHB Mariano Duncan
|
0-0: Ball 1-0: Fly out, F4 (Popup, 3S, EV 75.0 MPH)
|
|
Batting: RHB Dave Penniall
|
0-0: Swinging Strike 0-1: Ball 1-1: Ball 2-1: Called Strike 2-2: Foul Ball, location: 2F 2-2: Ball 3-2: Fly out, F7 (Flyball, 78D, EV 88.1 MPH)
|
|
Batting: LHB David Christianson
|
0-0: Ball 1-0: Called Strike 1-1: Ball 2-1: Foul Ball, location: 2F 2-2: Foul Ball, location: 2F 2-2: Foul Ball, location: 2F 2-2: Strikes out swinging
|
| Bottom of the 5th over - 0 runs, 0 hits, 0 errors, 0 left on base; Albuquerque 0 - Memphis 1 |
| TOP OF THE 6TH |
|
Albuquerque Dukes batting - Pitching for Memphis Blues : RHP Craig Mitchell
|
|
Batting: LHB Dave Yobs
|
0-0: Ball 1-0: Foul Ball, location: 2F 1-1: Ball 2-1: Foul Ball, location: 2F 2-2: Ball 3-2: Strikes out swinging
|
|
Batting: RHB George Foussianes
|
0-0: Foul Ball, location: 2F 0-1: Ball 1-1: Ball 2-1: SINGLE (Line Drive, 9S, EV 95.0 MPH)
|
|
Batting: LHB Matthew Henderson
|
0-0: Called Strike 0-1: Fly out, F9 (Flyball, 9S, EV 86.9 MPH)
|
|
Batting: RHB James Oros
|
0-0: Called Strike 0-1: Foul Ball, location: 2F 0-2: Fly out, F9 (Flyball, 9LS, EV 90.0 MPH)
|
| Top of the 6th over - 0 runs, 1 hit, 0 errors, 1 left on base; Albuquerque 0 - Memphis 1 |
| BOTTOM OF THE 6TH |
|
Memphis Blues batting - Pitching for Albuquerque Dukes : RHP Rafaele Cerretti
|
|
Batting: RHB Chris James
|
0-0: Ball 1-0: Fly out, F8 (Line Drive, 8RD, EV 100.0 MPH)
|
|
Batting: RHB Randy Filkins
|
0-0: Called Strike 0-1: Called Strike 0-2: Foul Ball, location: 2F 0-2: SINGLE (Groundball, 56D, EV 105.6 MPH)
|
|
Batting: RHB Augustine Garrett
|
0-0: Foul Ball, location: 2F 0-1: Fly out, F7 (Flyball, 7, EV 83.1 MPH)
|
|
Batting: LHB Don Jacoby
|
0-0: Called Strike Randy Filkins steals 2nd base 0-1: Ball 1-1: Foul Ball, location: 2F 1-2: Ball 2-2: Ball 3-2: Ground out U3 (Groundball, 34, EV 83.1 MPH)
|
| Bottom of the 6th over - 0 runs, 1 hit, 0 errors, 1 left on base; Albuquerque 0 - Memphis 1 |
| TOP OF THE 7TH |
|
Albuquerque Dukes batting - Pitching for Memphis Blues : RHP Craig Mitchell
|
|
Batting: LHB John Elder
|
0-0: Foul Ball, location: 2F 0-1: Foul Ball, location: 2F 0-2: Ball 1-2: Ball 2-2: Ball 3-2: DOUBLE (Line Drive, 7LM, EV 89.4 MPH)
|
|
Batting: RHB Mark Maher
|
0-0: Swinging Strike 0-1: Ball 1-1: Ball 2-1: Sac Bunt to P - play at third, runner OUT! 1-5
|
|
Pinch Hitting: LHB Elwood Holland
|
0-0: Foul Ball, location: 2F 0-1: Ball 1-1: Ball 2-1: Ball 3-1: Base on Balls Mark Maher to second
|
|
Batting: LHB Andres Romero
|
0-0: Fly out, F9 (Line Drive, 9D, EV 93.1 MPH)
|
|
Batting: RHB Steven Patterson
|
0-0: Ball 1-0: Called Strike 1-1: Ground out 5-3 (Groundball, 56, EV 78.1 MPH)
|
| Top of the 7th over - 0 runs, 1 hit, 0 errors, 2 left on base; Albuquerque 0 - Memphis 1 |
| BOTTOM OF THE 7TH |
|
Memphis Blues batting - Pitching for Albuquerque Dukes : RHP Rafaele Cerretti
|
|
Now at SS: Jim Smith
|
|
|
Batting: RHB William Muth
|
0-0: Called Strike 0-1: Foul Ball, location: 2F 0-2: Fly out, F3 (Popup, 34S, EV 71.9 MPH)
|
|
Batting: RHB Bradley Shames
|
0-0: Called Strike 0-1: Foul Ball, location: 2F 0-2: Strikes out swinging
|
|
Batting: RHB Mariano Duncan
|
0-0: Ball 1-0: Called Strike 1-1: Called Strike 1-2: Ball 2-2: Foul Ball, location: 2F 2-2: Ball 3-2: SINGLE (Flyball, 4D, EV 84.4 MPH)
|
|
Batting: RHB Dave Penniall
|
0-0: Called Strike 0-1: Fly out, F2 (Popup, 2RF, EV 89.4 MPH)
|
| Bottom of the 7th over - 0 runs, 1 hit, 0 errors, 1 left on base; Albuquerque 0 - Memphis 1 |
| TOP OF THE 8TH |
|
Albuquerque Dukes batting - Pitching for Memphis Blues : RHP Craig Mitchell
|
|
Batting: LHB Dave Yobs
|
0-0: Fly out, F8 (Flyball, 78M, EV 86.9 MPH)
|
|
Batting: RHB George Foussianes
|
0-0: Called Strike 0-1: Fly out, F8 (Line Drive, 8LD, EV 95.0 MPH)
|
|
Batting: LHB Matthew Henderson
|
0-0: Ball 1-0: Ball 2-0: Swinging Strike 2-1: Swinging Strike 2-2: Foul Ball, location: 2F 2-2: Fly out, F9 (Line Drive, 9D, EV 90.0 MPH)
|
| Top of the 8th over - 0 runs, 0 hits, 0 errors, 0 left on base; Albuquerque 0 - Memphis 1 |
| BOTTOM OF THE 8TH |
|
Memphis Blues batting - Pitching for Albuquerque Dukes : RHP Rafaele Cerretti
|
|
Pitching: LHP Ed Pruitt
|
|
|
Batting: LHB David Christianson
|
0-0: Swinging Strike 0-1: Swinging Strike 0-2: Ball 1-2: Foul Ball, location: 2F 1-2: Ball 2-2: Strikes out swinging
|
|
Batting: RHB Chris James
|
0-0: SOLO HOME RUN (Flyball, 7D, EV 90.6 MPH), Distance : 385 ft
|
|
Batting: RHB Randy Filkins
|
0-0: Called Strike 0-1: Swinging Strike 0-2: Foul Ball, location: 2F 0-2: Fly out, F7 (Flyball, 7LS, EV 90.0 MPH)
|
|
Batting: RHB Augustine Garrett
|
0-0: Called Strike 0-1: Ball 1-1: Foul Ball, location: 2F 1-2: Ball 2-2: Strikes out swinging
|
| Bottom of the 8th over - 1 run, 1 hit, 0 errors, 0 left on base; Albuquerque 0 - Memphis 2 |
| TOP OF THE 9TH |
|
Albuquerque Dukes batting - Pitching for Memphis Blues : RHP Craig Mitchell
|
|
Pitching: RHP Anthony Threatt
|
|
|
Batting: RHB James Oros
|
0-0: Swinging Strike 0-1: Swinging Strike 0-2: Ball 1-2: Strikes out swinging
|
|
Batting: LHB John Elder
|
0-0: Ground out 6-3 (Groundball, 6, EV 100.0 MPH)
|
|
Batting: RHB Mark Maher
|
0-0: Ball 1-0: Ball 2-0: Ball 3-0: Called Strike 3-1: Foul Ball, location: 2F 3-2: Foul Ball, location: 2F 3-2: Base on Balls
|
|
Batting: RHB Jim Smith
|
0-0: Ball 1-0: Fly out, F9 (Flyball, 89D, EV 81.9 MPH)
|
| Top of the 9th over - 0 runs, 0 hits, 0 errors, 1 left on base; Albuquerque 0 - Memphis 2 |
|